 Dungeon Crawl Stone Soup version 0.29-a0-559-g359e09b (webtiles) character file.

Game seed: 17756002127620849628

17489 BingusPrime the Grappler (level 12, -4/114 HPs)
             Began as a Troll Transmuter on June 10, 2022.
             Killed from afar by a steam dragon (19 damage)
             ... with a ball of steam
             ... on level 2 of the Lair of Beasts.
             The game lasted 00:53:03 (10880 turns).

BingusPrime the Grappler (Troll Transmuter)        Turns: 10880, Time: 00:53:04

Health: -4/114     AC:  9    Str: 31    XL:     12   Next: 19%
Magic:  18/20      EV:  8    Int:  9    God:
Gold:   876        SH: 13    Dex: 10    Spells: 21/24 levels left

rFire   x . .      SeeInvis .     - Unarmed
rCold   + . .      Faith    .   d - +3 tower shield {reflect}
rNeg    . . .      Spirit   .   T - +2 robe {Will+}
rPois   .          Reflect  +   g - +2 hat
rElec   .          Harm     .   X - +0 cloak
rCorr   .          Rampage  .   (gloves unavailable)
Will    +....                   (boots unavailable)
Stlth   +.........              e - amulet of regeneration
HPRegen 1.89/turn               J - +6 ring of strength
MPRegen 0.17/turn               q - ring of ice

@: wereblooded, very slightly contaminated
A: large, unfitting armour, claws 3, regeneration 1, shaggy fur 1, tough skin 1
a: no special abilities


You were on level 2 of the Lair of Beasts.
You visited 3 branches of the dungeon, and saw 14 of its levels.
You also visited: Sewer and Ossuary.

You collected 876 gold pieces.

Inventory:

Missiles
 c - 2 throwing nets
 i - 2 boomerangs of dispersal
 j - 57 poisoned darts (quivered)
 I - 6 boomerangs
Armour
 d - a +3 tower shield of reflection (worn)
 g - a +2 hat (worn)
 h - an orb of energy
 T - a +2 robe of willpower (worn)
 W - +0 steam dragon scales
 X - a +0 cloak (worn)
Jewellery
 b - a ring of magical power
 e - an amulet of regeneration (around neck)
 q - a ring of ice (right claw)
 s - an amulet of guardian spirit
 w - a ring of wizardry
 J - a +6 ring of strength (left claw)
 K - a ring of protection from fire
 P - a ring of poison resistance
 Q - a ring of see invisible
 U - a ring of resist corrosion
 V - a +6 ring of dexterity
 Y - a ring of ice
Wands
 C - a wand of digging (5)
 L - a wand of polymorph (15)
 N - a wand of iceblast (14)
 R - a wand of acid (3)
 Z - a wand of charming (3)
Scrolls
 f - 7 scrolls of amnesia
 o - 2 scrolls of torment {unknown}
 p - 3 scrolls of fog
 t - 2 scrolls of magic mapping {unknown}
 u - a scroll of poison {unknown}
 v - 11 scrolls of teleportation
 y - 2 scrolls of enchant weapon {unknown}
 B - 3 scrolls of immolation
 E - 2 scrolls of fear {unknown}
Potions
 a - 3 potions of haste
 k - a potion of resistance
 m - 2 potions of might
 n - 3 potions of mutation
 r - 2 potions of invisibility
 x - 4 potions of curing
 z - 6 potions of flight
 A - 4 potions of heal wounds
 D - a potion of brilliance
 F - 5 potions of attraction
 G - a potion of berserk rage {unknown}
 H - 2 potions of ambrosia
 M - a potion of lignification
 S - a potion of cancellation {unknown}


   Skills:
 * Level 6.0 Fighting
 + Level 0.8 Armour
 + Level 6.1 Dodging
 + Level 1.1 Shields
 * Level 10.6 Unarmed Combat
 * Level 6.6 Spellcasting
 * Level 7.9 Transmutations


You had 21 spell levels left.
You knew the following spells:

 Your Spells              Type           Power      Damage    Failure   Level
a - Beastly Appendage     Tmut           34%        N/A       7%          1
b - Wereblood             Tmut           17%        N/A       11%         2

Your spell library contained the following spells:

 Spells                   Type           Power      Damage    Failure   Level
 Spider Form              Tmut/Pois      10%        N/A       71%         3
 Ice Form                 Ice/Tmut       15%        N/A       98%         4
 Frozen Ramparts          Ice            8%         1d2       99%         3
 Summon Ice Beast         Ice/Summ       4%         N/A       100%        4
 Conjure Ball Lightning   Conj/Air       1%         3x3d6     100%        6
 Discord                  Hex            1%         N/A       100%        8
 Disjunction              Tloc           1%         N/A       100%        8


Dungeon Overview and Level Annotations

Branches:
Dungeon (11/15)            Temple (1/1) D:5            Lair (2/6) D:11
    Orc (0/2) D:9           Sewer (visited)         Ossuary (visited)
  Swamp: Lair:2-4    Shoals: Lair:2-4     Snake: Lair:2-4    Spider: Lair:2-4

Altars:
Ashenzari
Cheibriados
Dithmenos
Elyvilon
Fedhas
Gozag
Hepliaklqana
Kikubaaqudgha
Makhleb
Nemelex Xobeh
Okawaru
Qazlal
Ru
Sif Muna
Trog
Uskayaw
Vehumet
Wu Jian
Xom
Yredelemnul
Zin
The Shining One
Beogh

Shops:
D:1 [


Innate Abilities, Weirdness & Mutations

You are too large for most types of armour.
You have claws for hands.
Your natural rate of healing is unusually fast.
You are covered in fur. (AC +1)
You have tough skin. (AC +1)


Message History

You miscast Beastly Appendage.
You are very lightly contaminated with residual magic.
Nothing appears to happen.
You block the rime drake's attack.
The rime drake bites you but does no damage.
Casting: Beastly Appendage (safe; 7% risk of failure)
Confirm with . or Enter, or press ? or * to list all spells.
Your blood is infused with primal strength.
The ice encasing you melts away.
A rime drake comes into view. x2
You block the steam dragon's attack. The steam dragon barely misses you.
The steam dragon breathes steam at you.
The ball of steam misses the steam dragon.
The ball of steam hits you!! The steam scalds you terribly!
You block the rime drake's attack.
You hear an angry hiss. x3
The rime drake attacks as you move away!
You block the rime drake's attack. The steam dragon breathes steam at you.
The ball of steam hits you!! The steam scalds you terribly!
You hear an angry hiss.
You barely miss the steam dragon.
You are engulfed in a cloud of scalding steam.
The rime drake breathes ice at you.
Your +3 tower shield of reflection reflects the flash freeze!
The flash freeze hits the rime drake!
The rime drake partially resists.
You feel a bit better.
You kill the rime drake!
You block the steam dragon's attack. The steam dragon barely misses you.
Blink to where?
Press: ? - help, Dir - move target
As you read the scroll of blinking, it crumbles to dust.
The steam dragon breathes steam at you. The ball of steam hits you!!
The steam scalds you terribly!
* * * LOW HITPOINT WARNING * * *
You hear an angry hiss.
You are engulfed in a cloud of scalding steam.
* * * LOW HITPOINT WARNING * * *
The steam dragon breathes steam at you. The ball of steam hits you!!
The steam scalds you terribly!
You die...

#.P.....# ..
##.......).##
..####..#.......P
..........#......
........... ....
.........###..# ≈
#.##.#.#......#
..##...DD.D..§§@##
.k...D.DD.D§§§...#
..#....##§D###.###
...##..##.P.#...#
8............?..#
..###...........#
#..)....#.P.#
...D..##.####.#
...D....#### >#


There were no monsters in sight!

Vanquished Creatures
  Harold (Lair:1)
  3 two-headed ogres
  The ghost of PurpleRed the Eclecticist, a journeyman DECA of Vehumet (Lair:1)
  Nergalle (D:11)
  Pikel (D:7)
  Joseph (D:7)
  A gargoyle (D:11)
  A cane toad (Lair:1)
  Psyche (D:11)
  A kobold demonologist (D:11)
  3 komodo dragons
  4 rime drakes
  A troll (D:9)
  A polar bear (Lair:1)
  5 blink frogs (Lair:1)
  A wyvern (D:8)
  16 yaks
  2 wraiths (D:10)
  A shadow (D:9)
  A steam dragon (D:8)
  5 water moccasins
  The ghost of BingusPrime the Stinger, an amateur OpVM (D:4)
  4 orc warriors
  2 ice beasts (D:6)
  2 sky beasts
  A black bear (D:4)
  6 ogres
  A wolf (Lair:1)
  2 centaurs
  A phantom (D:7)
  7 kobold brigands
  9 bullfrogs
  A gnoll sergeant (D:9)
  2 scorpions (D:6)
  A necrophage (D:6)
  A water moccasin zombie (D:5)
  5 wights (D:9)
  15 killer bees
  4 howler monkeys
  2 bullfrog zombies (D:5)
  2 centaur zombies (Ossuary)
  A human zombie (Ossuary)
  A komodo dragon simulacrum (Lair:1)
  10 orc priests
  A gnoll shaman (D:8)
  4 hounds
  A water moccasin simulacrum (Lair:1)
  3 iguanas
  A scorpion zombie (D:5)
  5 orc wizards
  A yak simulacrum (Lair:1)
  A wolf simulacrum (Lair:1)
  3 ogre zombies (Ossuary)
  A hound zombie (D:5)
  7 mummies (Ossuary)
  A howler monkey zombie (D:5)
  14 gnolls
  6 adders
  2 river rats (Sewer)
  An ufetubus (D:7)
  4 adder zombies (Ossuary)
  A worm (D:2)
  3 dart slugs
  35 orcs
  6 ball pythons
  3 endoplasms
  8 giant cockroaches
  6 hobgoblins
  A jackal (Sewer)
  20 kobolds
  3 quokkas
  5 bats
  A frilled lizard (D:2)
  4 goblins
  5 goblin zombies (Ossuary)
  5 hobgoblin zombies (Ossuary)
  8 kobold zombies (Ossuary)
  An orc zombie (D:4)
  2 quokka zombies (Ossuary)
  9 rats
315 creatures vanquished.

Notes
Turn   | Place    | Note
-------+----------+-------------------------------------------
     0 | D:1      | BingusPrime the Troll Transmuter began the quest for the
                  | Orb.
     0 | D:1      | Reached XP level 1. HP: 18/18 MP: 1/1
   371 | D:1      | Reached skill level 1 in Fighting
   401 | D:1      | Reached XP level 2. HP: 27/27 MP: 0/3
   459 | D:1      | Found Tuligri's Armour Emporium.
   931 | D:1      | Found a faded altar of an unknown god.
  1054 | D:2      | Reached XP level 3. HP: 32/33 MP: 2/4
  1648 | D:3      | Reached XP level 4. HP: 32/41 MP: 3/5
  1670 | D:3      | Found a hide-covered altar of Uskayaw.
  1828 | D:3      | Found a glowing golden altar of the Shining One.
  1944 | D:3      | Found an opulent altar of Gozag.
  1968 | D:3      | Reached XP level 5. HP: 24/49 MP: 6/6
  2036 | D:3      | Found a glowing drain.
  2045 | D:3      | Reached skill level 4 in Unarmed Combat
  2055 | Sewer    | Entered a sewer
  2130 | Sewer    | Reached XP level 6. HP: 50/57 MP: 6/8
  2159 | Sewer    | Found a white marble altar of Elyvilon.
  2229 | D:3      | Found a blossoming altar of Fedhas.
  2231 | D:3      | Found a stormy altar of Qazlal.
  2263 | D:3      | You fall into a shaft and drop 1 floor!
  2491 | D:4      | Found a sand-covered staircase.
  2503 | Ossuary  | Entered an ossuary
  2573 | Ossuary  | Reached XP level 7. HP: 65/65 MP: 7/9
  2692 | Ossuary  | Learned a level 2 spell: Wereblood
  2853 | Ossuary  | Reached skill level 5 in Unarmed Combat
  3623 | D:4      | Found a large runed translucent door.
  3624 | D:4      | Found a large runed translucent door.
  3628 | D:4      | Noticed BingusPrime's ghost (amateur OpVM)
  3878 | D:4      | Killed BingusPrime's ghost
  3879 | D:4      | Reached XP level 8. HP: 38/74 MP: 8/11
  3961 | D:5      | Entered Level 5 of the Dungeon
  3961 | D:5      | Found a staircase to the Ecumenical Temple.
  3967 | Temple   | Entered the Ecumenical Temple
  4228 | D:5      | Found a basalt altar of Yredelemnul.
  4402 | D:5      | Reached skill level 6 in Unarmed Combat
  4432 | D:5      | Found a sparkling altar of Nemelex Xobeh.
  4432 | D:5      | Found a snail-covered altar of Cheibriados.
  4714 | D:6      | HP: 4/112 [iguana (9)]
  4847 | D:6      | Reached XP level 9. HP: 72/83 MP: 9/13
  4940 | D:6      | Found a white marble altar of Elyvilon.
  4954 | D:6      | Found a shadowy altar of Dithmenos.
  5325 | D:7      | Found a shimmering blue altar of Sif Muna.
  5331 | D:7      | Noticed Joseph
  5528 | D:7      | Killed Joseph
  5529 | D:7      | Reached skill level 7 in Unarmed Combat
  5529 | D:7      | Reached skill level 5 in Transmutations
  5887 | D:7      | Noticed Pikel
  5897 | D:7      | Killed Pikel
  6011 | D:7      | Found a burning altar of Makhleb.
  6409 | D:8      | Reached XP level 10. HP: 93/93 MP: 14/16
  6519 | D:8      | Noticed a two-headed ogre
  6526 | D:8      | Killed a two-headed ogre
  6527 | D:8      | Reached skill level 8 in Unarmed Combat
  7403 | D:9      | Reached skill level 5 in Spellcasting
  7533 | D:9      | Found a staircase to the Orcish Mines.
  7588 | D:9      | Reached skill level 5 in Dodging
  8060 | D:10     | Entered Level 10 of the Dungeon
  8093 | D:10     | Found an iron altar of Okawaru.
  8111 | D:10     | Reached skill level 9 in Unarmed Combat
  8368 | D:10     | Reached skill level 5 in Fighting
  8368 | D:10     | Reached XP level 11. HP: 66/102 MP: 15/18
  8990 | D:11     | Found a staircase to the Lair.
  9000 | D:11     | Noticed Nergalle
  9014 | D:11     | Killed Nergalle
  9116 | D:11     | Noticed a two-headed ogre
  9122 | D:11     | Killed a two-headed ogre
  9196 | D:11     | Found a gate leading to a gauntlet.
  9296 | D:11     | Noticed a two-headed ogre
  9303 | D:11     | Killed a two-headed ogre
  9429 | D:11     | Noticed Psyche
  9435 | D:11     | Killed Psyche
  9618 | Lair:1   | Entered Level 1 of the Lair of Beasts
  9684 | Lair:1   | Noticed Harold
  9694 | Lair:1   | Killed Harold
  9695 | Lair:1   | Reached skill level 10 in Unarmed Combat
 10138 | Lair:1   | Reached XP level 12. HP: 90/113 MP: 20/20
 10155 | Lair:1   | Noticed PurpleRed's ghost (journeyman DECA)
 10530 | Lair:1   | Found a runed translucent gate.
 10531 | Lair:1   | Found a runed translucent gate.
 10534 | Lair:1   | Found a runed translucent gate.
 10715 | Lair:1   | Killed PurpleRed's ghost
 10762 | Lair:1   | Reached skill level 1 in Shields
 10880 | Lair:2   | Killed from afar by a steam dragon

Illustrated notes

Levels and vault maps discovered:
D:1:      minmay_arrival_stair_chambers, layout_basic,
          hellmonk_ecumenical_altar_defaced_shrine, serial_shops, shop_fountains
D:2:      layout_loops_cross, kennysheep_generic_room_5
D:3:      layout_basic, grunt_temple_overflow_forces_of_nature,
          mainiacjoe_overflow_catwalk, mainiacjoe_overflow_tiny_flanked,
          mainiacjoe_overflow_cross_hatched, gup_sewer_entry_glass
D:4:      layout_loops_ring, enter_ossuary_3, ebering_ghost_disaster_area,
          nrook_loot_triangle, chequers_avenue, kennysheep_donut
D:5:      layout_rooms, nicolae_yredelemnul_corpse_copse,
          gammafunk_temple_overflow_pools, minmay_temple_entry_butterflies
D:6:      layout_rooms, mainiacjoe_overflow_catch_the_wave, minmay_diced_spiral
D:7:      layout_basic, overflow_temple_1_default, makhleb_heckhound_becter,
          corexii_corridor_pit, corner_web_ring, uniq_joseph, uniq_pikel
D:8:      layout_basic
D:9:      layout_roguey, kennysheep_orc_monster_closet_entryway
D:10:     layout_cave_pods, okawaru_trees_1
D:11:     layout_rooms, lair_entry_dummy, gauntlet_entry_generic, uniq_psyche,
          uniq_nergalle
Temple:   nicolae_temple_figure_zero
Lair:1:   layout_regular_city, gammafunk_ghost_icy, beast_lair_carwin_1,
          uniq_harold
Lair:2:   layout_gridlike, guppyfry_snake_entry_island, basic_altar,
          minmay_lair_oklob_bushes, bobbens_dragon_lair_wall

Skill      XL: |  1  2  3  4  5  6  7  8  9 10 11 12 |
---------------+-------------------------------------+-----
Fighting       | 1 2 3 4 5 6 |  6.0
Dodging        | 2 3 4 5 6 |  6.1
Transmutations | 2 3 4 5 6 7 |  7.9
Spellcasting   | 2 3 4 5 6 |  6.6
Unarmed Combat | 4 5 6 7 9 10 | 10.6
Shields        | 1 |  1.1
Armour         | |  0.8

Action                   |  1- 3 |  4- 6 |  7- 9 | 10-12 || total
-------------------------+-------+-------+-------+-------++-------
Melee: Unarmed           |    82 |   124 |   280 |   392 ||   878
       Headbutt          |     6 |    13 |    26 |    43 ||    88
       Kick              |     4 |    16 |    35 |    58 ||   113
       Punch             |     1 |     4 |     8 |     6 ||    19
Throw: Boomerang         |       |       |       |     1 ||     1
 Cast: Beastly Appendage |    15 |    13 |    29 |    31 ||    88
       Wereblood         |       |       |    19 |    23 ||    42
Evoke: Wand              |       |       |     5 |     2 ||     7
  Use: Scroll            |     2 |       |     4 |    14 ||    20
       Potion            |       |       |    11 |     2 ||    13
Armor: Robe              |    27 |    22 |    48 |   125 ||   222
       Skin              |       |       |    89 |     7 ||    96
Dodge: Dodged            |    44 |    54 |    94 |   176 ||   368
Block: Tower shield      |       |       |       |   105 ||   105
       Reflection        |       |       |       |     2 ||     2

Table legend: (Time is in decaauts)
 A = Elapsed time spent in this place.
 B = Non-inter-level travel time spent in this place.
 C = Inter-level travel time spent in this place.
 D = Time resting spent in this place.
 E = Time spent auto-exploring this place.
 F = Levels seen in this place.
 G = Mean time per level.
                   A        B        C        D        E       F      G
               +--------+--------+--------+--------+--------+-----+--------+
         Total |  10863 |   9735 |   1128 |    366 |   7244 |  16 |  678.9 |
       Dungeon |   8781 |   8010 |    771 |    310 |   6234 |  11 |  798.3 |
        Temple |    128 |    116 |     12 |      0 |    115 |   1 |  128.0 |
          Lair |   1286 |    941 |    345 |     42 |    512 |   2 |  643.0 |
         Sewer |    167 |    167 |      0 |      0 |    119 |   1 |  167.0 |
       Ossuary |    499 |    499 |      0 |     14 |    263 |   1 |  499.0 |
               +--------+--------+--------+--------+--------+-----+--------+

Top non-repeatable levels by time:
  Lair:1: 1257 daAuts
     D:4: 1183 daAuts
     D:8: 1159 daAuts
     D:1: 1026 daAuts
    D:10: 938 daAuts
     D:7: 819 daAuts
     D:9: 715 daAuts
     D:6: 680 daAuts
    D:11: 615 daAuts
     D:5: 559 daAuts
     D:2: 559 daAuts
     D:3: 523 daAuts
 Ossuary: 499 daAuts
   Sewer: 167 daAuts
  Temple: 128 daAuts
